 Dungeon Crawl Stone Soup version 0.18-a0-1677-g2bdad6c (webtiles) character file.

858 dohliylev the Covert (level 7, 0/51 HPs)
             Began as a Vampire Enchanter on Apr 2, 2016.
             Killed from afar by Kidiri's ghost (15 damage)
             ... with a puff of flame
             ... on level 5 of the Dungeon.
             The game lasted 00:44:51 (3797 turns).

dohliylev the Covert (Vampire Enchanter)            Turns: 3797, Time: 00:44:52

Health: 0/51       AC:  3    Str:  7    XL:     7   Next: 71%
Magic:  0/12       EV: 14    Int: 18    God:
Gold:   159        SH:  0    Dex: 16    Spells: 4 memorised, 4 levels left

rFire  x . .     SeeInvis +     i - +1 dagger (venom)
rCold  + + .     Gourm    .     b - +1 robe
rNeg   + + .     Faith    .     (no shield)
rPois  +         Spirit   +     p - +0 hat
rElec  .         Dismiss  .     (no cloak)
rCorr  .         Reflect  .     (no gloves)
SustAt .         Harm     .     (no boots)
MR     .....                    e - amulet of guardian spirit
Stlth  +++++.....               o - ring of ice
                                k - ring of poison resistance

@: regenerating slowly, not resistant to hostile enchantments, quite stealthy
A: fangs 3, see invisible, unbreathing
a: Bat Form


You were on level 5 of the Dungeon.
You were very thirsty.

You visited 1 branch of the dungeon, and saw 5 of its levels.

You collected 159 gold pieces.

Inventory:

Hand Weapons
 a - a +1 dagger
 i - a +1 dagger of venom (weapon)
Missiles
 s - a throwing net (quivered)
 v - 16 poisoned needles
Armour
 b - a +1 robe (worn)
 p - a +0 hat (worn)
Jewellery
 e - an amulet of guardian spirit (around neck)
 k - a ring of poison resistance (left hand)
 o - a ring of ice (right hand)
Wands
 u - a wand of flame (20/48)
Scrolls
 f - 3 scrolls of identify {unknown}
 h - a scroll of fear {unknown}
 j - a scroll of enchant weapon {unknown}
 n - a scroll of immolation {unknown}
 q - a scroll of teleportation
Potions
 d - 23 potions of blood
 g - 2 potions of heal wounds {unknown}
 l - 3 potions of agility {unknown}
 m - 2 potions of ambrosia {unknown}
 r - a potion of curing {unknown}
 t - a potion of flight {unknown}
Books
 c - a book of Maledictions

   Spells                             Type                      Level
   a - Corona                         Hexes                        1
   b - Ensorcelled Hibernation        Hexes/Ice                    2
   c - Confuse                        Hexes                        3
   d - Tukima's Dance                 Hexes                        3
   e - Dazzling Spray                 Conjuration/Hexes            3


   Skills:
 + Level 2.5 Fighting
 + Level 2.3 Short Blades
 + Level 4.0 Dodging
 + Level 8.5 Stealth
 + Level 3.7 Spellcasting
 + Level 0.1 Conjurations
 + Level 6.1 Hexes
 + Level 2.4 Ice Magic


You had 4 spell levels left.
You knew the following spells:

 Your Spells              Type           Power        Failure   Level  Hunger
a - Corona                Hex            ####...      1%          1    None
b - Ensorcelled Hibernat  Hex/Ice        ####..       4%          2    ##.....
c - Dazzling Spray        Conj/Hex       ##......     14%         3    ###....
d - Tukima's Dance        Hex            ####....     3%          3    ###....


Dungeon Overview and Level Annotations

Branches:
Dungeon (5/15)             Temple (0/1) D:4

Altars:
Cheibriados
Elyvilon
Fedhas
Gozag
Kikubaaqudgha
Nemelex Xobeh
Okawaru
Pakellas
Qazlal
Ru
Sif Muna
Xom

Annotations:
D:4 Grinder
D:5 Kidiri's ghost, novice DEFE


Innate Abilities, Weirdness & Mutations

You heal slowly.
You have razor-sharp teeth.
You have supernaturally acute eyesight.
You can survive without breathing.


Message History

Kidiri's ghost barely misses you.
Kidiri's ghost gestures at you while chanting.
The puff of flame hits you! The fire burns you terribly!
The giant gecko bites you.
You hit the giant gecko.
The giant gecko is severely wounded.
The giant gecko closely misses you.
Kidiri's ghost points at you and mumbles some strange words.
The puff of flame hits you! The fire burns you terribly!
You closely miss the giant gecko. Your bite misses the giant gecko.
The giant gecko is heavily wounded.
The giant gecko misses you.
You barely miss the giant gecko.
The giant gecko is heavily wounded.
The giant gecko misses you. Kidiri's ghost barely misses you.
The giant gecko bites you.
* * * LOW HITPOINT WARNING * * *
Kidiri's ghost gestures at you while chanting.
The puff of flame hits you! The fire burns you terribly!
You die...

.....# ######
#########
######
..<.....#
#(...#
#######.####
#...>#
.......##.l@.#
.......#.....#
.......#..W).#
.......#.##.##
#..##.#
#.###.#
#####.# #.#
########.....#
#.#
.........#####
.#


You could see Kidiri's ghost and a giant gecko.

Vanquished Creatures
  Eustachio (D:4)
  An ogre (D:5)
  2 scorpions
  A howler monkey (D:4)
  A crimson imp (D:5)
  2 hounds
  2 centaur skeletons
  2 orc priests (D:3)
  4 worker ants
  An orc wizard (D:3)
  A mummy (D:5)
  7 adders
  An ooze (D:4)
  A dart slug (D:2)
  2 giant geckos
  24 orcs
  4 bats
  5 giant cockroaches
  5 goblins
  6 hobgoblins
  7 jackals
  A quokka (D:3)
  3 ball pythons
  A ball python skeleton (D:4)
  A giant gecko skeleton (D:4)
  2 giant newts
  A kobold (D:3)
  A quokka skeleton (D:4)
  A rat (D:1)
91 creatures vanquished.

Notes
Turn   | Place    | Note
--------------------------------------------------------------
     0 | D:1      | dohliylev the Vampire Enchanter began the quest for the Orb.
     0 | D:1      | Reached XP level 1. HP: 13/13 MP: 3/3
   465 | D:1      | Reached XP level 2. HP: 16/19 MP: 5/5
   760 | D:1      | Learned a level 2 spell: Ensorcelled Hibernation
  1228 | D:2      | Found a blossoming altar of Fedhas.
  1351 | D:2      | Reached XP level 3. HP: 22/25 MP: 4/6
  1386 | D:2      | Found an opulent altar of Gozag.
  1605 | D:3      | Reached skill level 5 in Stealth
  1616 | D:3      | Reached skill level 1 in Fighting
  1616 | D:3      | Reached XP level 4. HP: 16/32 MP: 0/7
  1888 | D:3      | Found an oddly glowing altar of Pakellas.
  2030 | D:3      | Reached skill level 6 in Stealth
  2161 | D:3      | Reached skill level 5 in Hexes
  2282 | D:3      | Reached skill level 1 in Ice Magic
  2282 | D:3      | Reached XP level 5. HP: 37/37 MP: 1/9
  2658 | D:4      | Found a shimmering altar of Xom.
  2659 | D:4      | Noticed Eustachio
  2664 | D:4      | Killed Eustachio
  2664 | D:4      | Reached skill level 7 in Stealth
  2664 | D:4      | Reached XP level 6. HP: 41/43 MP: 8/10
  2678 | D:4      | Found a shimmering altar of Xom.
  2737 | D:4      | Noticed Grinder
  2742 | D:4      | Paralysed by Grinder for 4 turns
  2949 | D:4      | Found a staircase to the Ecumenical Temple.
  3109 | D:4      | Reached XP level 7. HP: 47/49 MP: 5/12
  3176 | D:4      | Found a deep blue altar of Sif Muna.
  3178 | D:4      | Found a sacrificial altar of Ru.
  3178 | D:4      | Found a white marble altar of Elyvilon.
  3178 | D:4      | Found an ancient bone altar of Kikubaaqudgha.
  3178 | D:4      | Found an iron altar of Okawaru.
  3192 | D:4      | Found a stormy altar of Qazlal.
  3193 | D:4      | Found a sparkling altar of Nemelex Xobeh.
  3230 | D:5      | Entered Level 5 of the Dungeon
  3250 | D:5      | Learned a level 3 spell: Dazzling Spray
  3254 | D:5      | Learned a level 3 spell: Tukima's Dance
  3284 | D:5      | Noticed Kidiri's ghost (novice DEFE)
  3320 | D:5      | Found a snail-covered altar of Cheibriados.
  3702 | D:5      | Reached skill level 8 in Stealth
  3797 | D:5      | Killed from afar by Kidiri's ghost

Vault maps used:
D:1:      saegor_arrival_under_anarchy
D:2:      lemuel_coloured_pillars_altar, lemuel_doored_altar, serial_bayou,
          serial_bayou_pond_c, serial_bayou_crossing, serial_bayou_pond_b,
          serial_bayou_shore_a, kennysheep_nondescript,
          kennysheep_cluttered_room
D:3:      grunt_pakellas_mercury, first_bread
D:4:      minitemple, xom_redecorated, minmay_temple_entry_trees,
          hangedman_minor_gate_pass, uniq_eustachio, uniq_grinder, uniq_menkaure
D:5:      slow_altar_2

Skill      XL: |  1  2  3  4  5  6  7 |
---------------+----------------------+-----
Stealth        | 5 6 7 8 |  8.5
Fighting       | 1 2 |  2.5
Dodging        | 3 4 |  4.0
Hexes          | 5 6 |  6.1
Ice Magic      | 1 2 |  2.4
Spellcasting   | 3 |  3.7
Short Blades   | 2 |  2.3
Conjurations   | |  0.1

Action                   |  1- 3 |  4- 6 |  7- 9 || total
-------------------------+-------+-------+-------++-------
Melee: Dagger            |    87 |    96 |    51 ||   234
 Cast: Corona            |     3 |     2 |       ||     5
       Ensorcelled Hiber |     4 |    21 |     6 ||    31
       Dazzling Spray    |       |       |     3 ||     3
  Use: Scroll            |       |     2 |       ||     2
       Potion            |       |       |     1 ||     1
 Stab: Sleeping          |     6 |    30 |    10 ||    46
       Distracted        |     1 |       |       ||     1
